 Dungeon Crawl Stone Soup version 0.30-a0-845-g7c6808c8ce (webtiles) character file.

Game seed: 10845292780983408108

53 Demosthentine the Poker (level 3, -1/42 HPs)
             Began as a Demonspawn Gladiator on Mar 2, 2023.
             Slain by a goblin
             ... wielding a +0 club
             ... led by Robin
              (3 damage)
             ... on level 1 of the Dungeon.
             The game lasted 00:02:06 (1074 turns).

Demosthentine the Poker (Demonspawn Gladiator)      Turns: 1074, Time: 00:02:07

Health: -1/42      AC:  4    Str: 14    XL:     3   Next: 64%
Magic:  3/3        EV: 12    Int:  9    God:
Gold:   73         SH:  0    Dex: 16    Spells: 2/2 levels left

rFire   . . .      SeeInvis .    a - +0 trident
rCold   . . .      Faith    .    (no shield)
rNeg    . . .      Spirit   .    b - +0 leather armour
rPois   .          Reflect  .    c - +0 helmet
rElec   .          Rampage  .    (no cloak)
rCorr   .                        (no gloves)
Will    .....                    (no boots) Stlth
                                 (no amulet)
HPRegen 0.27/turn                (no ring)
MPRegen 0.08/turn                (no ring)

@: berserking, very quick
A: weakness stinger 1
a: no special abilities


You were on level 1 of the Dungeon.
You visited 1 branch of the dungeon, and saw 2 of its levels.

You collected 73 gold pieces.

Inventory:

Hand Weapons
 a - a +0 trident (weapon)
Missiles
 d - 3 throwing nets (quivered)
 e - a javelin
Armour
 b - a +0 leather armour (worn)
 c - a +0 helmet (worn)
Jewellery
 j - a ring of see invisible
Potions
 g - a potion of berserk rage
 h - a potion of heal wounds {unknown}
 i - a potion of brilliance {unknown}
 l - a potion of haste {unknown}
 m - a potion of curing {unknown}


   Skills:
 + Level 2.6 Fighting
 + Level 3.2 Polearms
 - Level 1.7 Throwing
 + Level 1.2 Armour
 + Level 3.1 Dodging


You had 2 spell levels left.
You didn't know any spells.
Your spell library was empty.

Dungeon Overview and Level Annotations

Branches:
Dungeon (2/15)

Altars:

Annotations:
D:2 Robin


Innate Abilities, Weirdness & Mutations

You have a small tail.


Message History

The adder is heavily wounded.
The adder closely misses you. The goblin closely misses you.
The goblin barely misses you. The adder bites you but does no damage.
You miss the adder.
Your tail-slap misses the adder.
The adder is heavily wounded.
The adder bites you. The goblin hits you but does no damage.
The goblin hits you with a +0 club.
You hit the adder.
The adder is heavily wounded.
The adder bites you but does no damage. The goblin barely misses you.
The goblin closely misses you. The adder misses you.
You barely miss the adder.
The adder is heavily wounded.
The goblin barely misses you. The goblin hits you but does no damage.
The adder bites you but does no damage. The goblin closely misses you.
The goblin barely misses you.
You barely miss the adder. You tail-slap the adder.
The adder is almost dead.
The adder closely misses you. The adder bites you.
The goblin hits you with a +0 club.
* * * LOW HITPOINT WARNING * * *
The goblin barely misses you.
You closely miss the adder.
The adder is almost dead.
The adder completely misses you. The goblin barely misses you.
The goblin misses you. The adder bites you.
* * * LOW HITPOINT WARNING * * *
You hit the adder.
You kill the adder!
The goblin no longer looks unusually strong.
The goblin barely misses you. The goblin hits you with a +0 club.
* * * LOW HITPOINT WARNING * * *
It was a potion of berserk rage.
A red film seems to cover your vision as you go berserk!
You feel yourself moving faster!
You feel mighty!
The goblin no longer looks unusually strong.
The goblin hits you with a +0 club.
* * * LOW HITPOINT WARNING * * *
The goblin hits you with a +0 club.
You die...

#############
.##.........#
.##.#######.###
..............#
.##.........#.#
.##..######.#.# .##..#
####)#.#######
.....###.......g@gg.#
................###.#
....####....#.#.# #.#
.#### #.##.#.#.# #.# ##
#.##...#.# #.# #.##.....#
#.#
#.##..#..###.#############
#.##..#..............[....
#.##..#.####.#############


You could see 3 goblins.

Vanquished Creatures
  An adder (D:1)
  A dart slug (D:1)
  A ball python (D:1)
  5 endoplasms (D:1)
  6 goblins
  3 hobgoblins (D:1)
  3 jackals (D:1)
  3 kobolds (D:1)
  3 quokkas (D:1)
  2 bats (D:1)
  4 frilled lizards
  4 rats
36 creatures vanquished.

Vanquished Creatures (others)
  A plant (D:2)
1 creature vanquished.

Grand Total: 37 creatures vanquished

Notes
Turn   | Place    | Note
-------+----------+-------------------------------------------
     0 | D:1      | Demosthentine the Demonspawn Gladiator began the quest for
                  | the Orb.
     0 | D:1      | Reached XP level 1. HP: 16/16 MP: 1/1
   187 | D:1      | Gained mutation: You have a small tail. [demonic ancestry]
   187 | D:1      | Reached XP level 2. HP: 22/22 MP: 2/2
   495 | D:1      | Reached skill level 1 in Armour
   502 | D:1      | Reached XP level 3. HP: 16/28 MP: 3/3
   970 | D:2      | Noticed Robin
  1073 | D:1      | HP: 1/28 [goblin/+0 club[Robin] (5)]
  1074 | D:1      | Slain by a goblin

Illustrated notes

Levels and vault maps discovered:
D:1:      reono_arrival_mine, layout_loops_ring, hangedman_glass_teeth
D:2:      layout_rooms, serial_forest, infiniplex_forest_lined_room_2,
          infiniplex_forest_lined_corner, infiniplex_forest_clump_cross,
          infiniplex_forest_zigzag_1, infiniplex_forest_clump_curved,
          infiniplex_forest_lined_corner, infiniplex_forest_lined_2, uniq_robin

Skill      XL: |  1  2 |
---------------+-------+-----
Polearms       | 3 |  3.2
Dodging        | 3 |  3.1
Armour         | 1 |  1.2
Fighting       | |  2.6
Throwing       | |  1.7

Action                     || total
---------------------------++-------
  Melee: Trident           ||   124
         Punch             ||     1
         Tailslap          ||     8
    Use: Scroll            ||     2
         Potion            ||     1
   Stab: Sleeping          ||     2
 Armour: Leather armour    ||    43
  Dodge: Dodged            ||   106

Table legend: (Time is in decaauts)
 A = Elapsed time spent in this place.
 B = Non-inter-level travel time spent in this place.
 C = Inter-level travel time spent in this place.
 D = Time resting spent in this place.
 E = Time spent auto-exploring this place.
 F = Levels seen in this place.
 G = Mean time per level.
                   A        B        C        D        E       F      G
               +--------+--------+--------+--------+--------+-----+--------+
         Total |   1095 |   1046 |     49 |    158 |    654 |   2 |  547.5 |
       Dungeon |   1095 |   1046 |     49 |    158 |    654 |   2 |  547.5 |
               +--------+--------+--------+--------+--------+-----+--------+

Top non-repeatable levels by time:
     D:1: 1075 daAuts
     D:2: 20 daAuts
